 Dungeon Crawl Stone Soup version 0.23.2-11-gf996548c65 (webtiles) character file.

Game seed: 2556874157799708620

77 Kobolds4U the Slasher (level 4, 0/39 HPs)
             Began as a Minotaur Fighter on June 5, 2019.
             Slain by Sigmund
             ... wielding a +0 scythe
              (9 damage)
             ... on level 2 of the Dungeon.
             The game lasted 00:01:50 (894 turns).

Kobolds4U the Slasher (Minotaur Fighter)             Turns: 894, Time: 00:01:50

Health: 0/39       AC: 11    Str: 20    XL:     4   Next: 14%
Magic:  3/3        EV:  5    Int:  5    God:
Gold:   70         SH:  9    Dex: 11    Spells: 3/3 levels left

rFire    . . .     SeeInvis .   a - +0 long sword
rCold    . . .     Gourm    .   c - +0 shield
rNeg     . . .     Faith    .   l - +0 chain mail
rPois    .         Spirit   .   p - +2 hat
rElec    .         Reflect  .   (no cloak)
rCorr    .         Harm     +   (no gloves)
MR       .....                  (no boots)
Stlth    ..........             k - amulet of harm
HPRegen  0.13/turn              (no ring)
MPRegen  0.08/turn              (no ring)

@: no status effects
A: retaliatory headbutt, horns 2
a: no special abilities


You were on level 2 of the Dungeon.
You were not hungry.

You visited 1 branch of the dungeon, and saw 2 of its levels.

You collected 70 gold pieces.

Inventory:

Hand Weapons
 a - a +0 long sword (weapon)
Armour
 c - a +0 shield (worn)
 l - a +0 chain mail (worn)
 p - a +2 hat (worn)
Jewellery
 k - an amulet of harm (around neck)
Scrolls
 e - 2 scrolls of fear {unknown}
 g - 2 scrolls of teleportation {unknown}
 h - a scroll of identify {unknown}
 j - 3 scrolls of remove curse {unknown}
Potions
 d - a potion of might
 i - 2 potions of lignification {unknown}
 m - a potion of curing {unknown}
 n - a potion of degeneration {unknown}
Comestibles
 f - 7 rations
 o - 6 chunks of flesh


   Skills:
 - Level 3.6 Fighting
 + Level 5.4 Long Blades
 - Level 3.6 Armour
 - Level 3.6 Shields


You had 3 spell levels left.
You didn't know any spells.
Your spell library was empty.

Dungeon Overview and Level Annotations

Branches:
Dungeon (2/15)

Altars:

Annotations:
D:2 Sigmund


Innate Abilities, Weirdness & Mutations

You reflexively headbutt those who attack you in melee.
You have a pair of horns on your head.


Message History

Sigmund gestures wildly while chanting.
Sigmund flickers and vanishes!
Deactivating autopickup; reactivate with Ctrl-A.
Something hits you!
You hit something but do no damage. Something hits you but does no damage.
You closely miss something.
Your chain mail prevents you from hitting something.
Your headbutt misses something.
You hear some strange, mumbled words.
A puff of flame appears from out of thin air!
The puff of flame hits you.
* * * LOW HITPOINT WARNING * * *
Something hits you but does no damage.
You completely miss something. You headbutt something.
You barely miss something. Something hits you.
* * * LOW HITPOINT WARNING * * *
You closely miss something. You block something's attack.
Some of the chunks of flesh in your inventory have rotted away.
You miss something. Your headbutt misses something. Something hits you!
You die...

....... #.. ##. ... . #.
#.#.# #. #.#. ##' ...
##.. ###.##### #.# ##...
#.....{@# ##.## ##....
..#.###.####...####.....
..................'.....
..#.###.####...####.....
#.# ##.## ##.... ..#
#..# ##... #### #.##
##.. #.# ##' #.# #.


There were no monsters in sight!

Vanquished Creatures
  A crimson imp (D:2)
  An adder (D:2)
  2 worms (D:2)
  2 giant cockroaches
  4 goblins
  9 hobgoblins
  2 kobolds (D:1)
  4 bats (D:1)
  4 rats
29 creatures vanquished.

Notes
Turn   | Place    | Note
-------+----------+-------------------------------------------
     0 | D:1      | Kobolds4U the Minotaur Fighter began the quest for the Orb.
     0 | D:1      | Reached XP level 1. HP: 19/19 MP: 0/0
    68 | D:1      | Reached skill level 3 in Long Blades
   155 | D:1      | Reached XP level 2. HP: 24/26 MP: 1/1
   411 | D:1      | Reached skill level 4 in Long Blades
   678 | D:2      | Reached XP level 3. HP: 31/31 MP: 2/2
   764 | D:2      | Reached skill level 5 in Long Blades
   764 | D:2      | Reached XP level 4. HP: 39/39 MP: 3/3
   877 | D:2      | Noticed Sigmund
   894 | D:2      | Slain by Sigmund

Skill      XL: |  1  2  3 |
---------------+----------+-----
Long Blades    | 3 4 5 |  5.4
Fighting       | |  3.6
Armour         | |  3.6
Shields        | |  3.6

Action                   |  1- 3 |  4- 6 || total
-------------------------+-------+-------++-------
Melee: Long sword        |    70 |    26 ||    96
       Headbutt          |     9 |     7 ||    16
Armor: Scale mail        |    29 |       ||    29
       Chain mail        |     7 |     8 ||    15
Dodge: Dodged            |    11 |     3 ||    14
Block: Shield            |    28 |     3 ||    31
       Rpst.: Long sword |     3 |       ||     3
